Map: Black Site 2E

Players

Noobinator - Winner!

  • Race: Zerg Zerg
  • Spawn Location: 6:00

TigOlBitties - Winner!

  • Race: Terran Terran
  • Spawn Location: 3:00

Metasapien - Winner!

  • Race: Zerg Zerg
  • League: Gold
  • Spawn Location: 5:00

TeimouS

  • Race: Terran Terran
  • Spawn Location: 12:00

Bielbito

  • Race: Terran Terran
  • Spawn Location: 9:00

PyrotheBeast

  • Race: Zerg Zerg
  • League: Gold
  • Spawn Location: 11:00

VOD

Have the link to the VOD?

Description

Time

  • Played on: Sept. 2, 2017, 4:39 p.m.
  • Length: 19:26
Show
View Real Time Build Order
Export as new Build Order

Noobinator Zerg - Winner!

Build Orders: 3 Hatch before Pool 

Get SALT Encoding   

  12  0:01  Drone  
  13  0:14  Drone  
  14  0:23  Extractor x2, Drone x2  
  16  0:53  Overlord  
  16  1:00  Hatchery  
  15  1:11  Drone x3  
  18  1:30  Hatchery  
  17  1:38  Drone x2  
  19  1:41  Extractor  
  18  1:53  Drone  
  19  1:55  Drone  
  20  2:02  Spawning Pool  
  19  2:26  Hatchery  
  19  2:27  Drone  
  19  2:30  Drone  
  20  2:40  Drone x3  
  23  2:52  Drone x3  
  23  2:54  Drone  
  27  3:04  Lair  
  27  3:10  Extractor  
  27  3:12  Drone x2  
  28  3:16  Drone  
  28  3:17  Drone  
  30  3:20  Drone  
  30  3:25  Drone x2  
  33  3:28  Drone  
  34  3:37  Overlord x2  
  34  3:44  Queen  
  35  3:49  Metabolic Boost  
  35  3:51  Zergling x2  
  35  3:52  Zergling x2  
  35  3:55  Zergling x2  
  38  3:56  Zergling x2  
  38  3:58  Zergling x2  
  38  4:00  Zergling x2  
  38  4:02  Zergling x2  
  42  4:04  Zergling x2  
  42  4:06  Zergling x2  
  42  4:08  Zergling x2  
  42  4:09  Zergling x2  
  46  4:12  Zergling x2  
  46  4:14  Zergling x2  
  46  4:16  Zergling x2  
  49  4:22  Queen  
  51  4:28  Drone x3  
  51  4:30  Drone  
  55  4:31  Drone  
  56  4:43  Spire  
  55  4:46  Drone  
  55  4:50  Overlord  
  55  4:51  Overlord  
  56  5:02  Overlord  
  56  5:11  Drone x3  
  56  5:12  Drone x7  
  56  5:13  Drone  
  68  5:14  Drone  
  68  5:21  Queen  
  68  5:24  Drone x3  
  68  5:25  Drone  
  74  5:37  Drone  
  74  5:38  Drone x5  
  74  5:39  Overlord  
  74  5:40  Overlord  
  80  5:45  Overlord  
  80  5:46  Overlord  
  80  5:48  Extractor  
  79  5:51  Extractor x2  
  79  5:52  Extractor  
  79  5:55  Drone x2  
  78  5:57  Drone x2  
  78  5:58  Drone  
  78  6:00  Drone x3  
  82  6:10  Overseer  
  82  6:11  Overseer x2  
  68  6:13  Mutalisk x3  
  68  6:14  Mutalisk  
  72  6:27  Zergling x2  
  72  6:28  Zergling x16  
  78  6:49  Mutalisk x4  
  78  6:50  Mutalisk  
  83  7:07  Mutalisk  
  81  7:08  Overlord x2  
  81  7:09  Overlord  
  81  7:11  Drone x6  
  85  7:25  Drone x4  
  89  7:40  Hatchery  
  89  7:43  Drone x3  
  89  7:44  Drone x3  
  94  7:56  Drone x3  
  97  8:15  Mutalisk  
  97  8:16  Mutalisk x5  
  98  8:45  Drone x10  
  108  8:50  Extractor, Queen  
  108  8:51  Extractor  
  108  8:59  Spore Crawler  
  108  9:00  Spore Crawler  
  108  9:01  Spore Crawler x2  
  104  9:05  Mutalisk x4  
  104  9:06  Mutalisk x4, Spore Crawler  
  104  9:07  Spore Crawler  
  118  9:12  Spore Crawler x2  
  118  9:13  Spore Crawler  
  115  9:22  Queen  
  117  9:27  Drone x4  
  117  9:28  Drone x5  
  126  9:43  Mutalisk  
  126  9:44  Mutalisk x4  
  136  9:45  Overlord  
  136  9:46  Overlord x3  
  136  10:00  Spire  
  136  10:02  Evolution Chamber  
  136  10:05  Evolution Chamber  
  133  10:07  Spore Crawler  
  133  10:12  Pneumatized Carapace  
  133  10:13  Spore Crawler  
  91  10:52  Mutalisk  
  91  10:53  Mutalisk x17  
  91  10:56  Zerg Flyer Armor Level 1  
  123  10:59  Zerg Missile Weapons Level 1, Zerg Ground Armor Level 1  
  123  11:07  Hydralisk Den  
  123  11:10  Infestation Pit  
  121  11:15  Mutalisk  
  121  11:16  Mutalisk x7  
  137  11:30  Hatchery  
  137  11:31  Extractor x2  
  130  11:44  Zergling x2  
  131  11:53  Baneling Nest  
  94  12:30  Drone x3  
  94  12:31  Drone x2  
  94  12:32  Drone x2  
  94  12:33  Drone x2  
  94  12:34  Drone x5  
  94  12:36  Centrifical Hooks  
  108  12:38  Muscular Augments  
  108  12:41  Queen  
  102  13:10  Mutalisk  
  102  13:11  Mutalisk x11  
  122  13:41  Mutalisk x10  
  142  13:49  Hive  
  142  13:50  Zerg Flyer Armor Level 2  
  142  13:51  Zerg Flyer Weapons Level 1  
  142  13:52  Lurker Den  
  142  13:54  Queen  
  144  14:18  Hatchery  
  144  14:21  Hatchery  
  144  14:22  Hatchery x2  
  129  14:54  Extractor x2  
  126  15:06  Mutalisk  
  126  15:07  Mutalisk x15  
  130  16:06  Zergling x2  
  130  16:07  Zergling x2  
  130  16:08  Zergling x16  
  130  16:11  Adrenal Glands  
  140  16:12  Zerg Missile Weapons Level 2  
  140  16:20  Zergling x2  
  140  16:21  Zergling x26  
  140  16:22  Zergling x14  
  161  16:33  Hatchery  
  161  16:34  Hatchery  
  157  16:50  Zergling x6  
  157  16:51  Zergling x24  
  172  17:11  Greater Spire  
  124  18:01  Mutalisk  
  124  18:02  Mutalisk x14  
  124  18:03  Mutalisk  
  123  19:24  Evolution Chamber  
Show
View Real Time Build Order
Export as new Build Order

TigOlBitties Terran - Winner!

Build Orders:  

Get SALT Encoding   

  12  0:03  SCV  
  13  0:15  SCV  
  14  0:27  SCV  
  15  0:34  Supply Depot  
  15  0:56  SCV  
  16  0:57  Barracks  
  16  1:08  SCV  
  17  1:16  Command Center  
  17  1:20  SCV  
  18  1:36  SCV  
  19  1:48  Barracks  
  19  1:51  Orbital Command  
  19  1:53  Refinery  
  19  1:55  Refinery  
  19  2:20  SCV  
  20  2:24  Marine  
  21  2:37  Barracks Reactor, Bunker  
  21  2:38  SCV  
  22  2:48  Factory  
  22  2:49  Orbital Command  
  22  2:58  Marine  
  23  3:06  SCV  
  23  3:12  Supply Depot  
  24  3:16  Marine x3  
  24  3:19  SCV x2  
  29  3:31  SCV x2  
  31  3:34  Supply Depot  
  31  3:40  Barracks Reactor, Engineering Bay  
  31  3:43  SCV x2  
  33  3:58  Hellion x2  
  37  4:06  Barracks Tech Lab  
  37  4:09  SCV  
  38  4:10  SCV  
  38  4:14  Missile Turret  
  38  4:17  Missile Turret  
  39  4:20  Hellion x2  
  39  4:23  Marine x2  
  45  4:25  Marine  
  45  4:28  SCV  
  45  4:29  SCV  
  48  4:40  Marine  
  48  4:41  Marine, Supply Depot, Hellion x2  
  54  5:03  Marine, Supply Depot  
  55  5:09  Hellion  
  55  5:10  Hellion  
  59  5:24  Marine  
  59  5:25  Marine x2  
  54  5:44  Widow Mine x2  
  54  5:46  Marine x2  
  54  5:47  Marine  
  61  5:55  Command Center, Refinery  
  61  5:57  SCV, Refinery  
  61  6:04  Marine x3  
  62  6:09  SCV  
  59  6:21  Marine, SCV  
  59  6:22  Marine x2  
  41  6:30  Widow Mine x2  
  45  6:33  SCV  
  45  6:37  Terran Infantry Weapons Level 1  
  45  6:39  Marine  
  47  6:40  Marine x2  
  47  6:41  SCV, Barracks x2  
  47  6:45  SCV  
  51  6:53  SCV  
  52  6:57  Marine x2, SCV  
  52  6:58  Marine, Widow Mine  
  52  6:59  Widow Mine  
  60  7:05  SCV  
  61  7:09  SCV  
  61  7:15  Marine x2  
  63  7:17  SCV  
  63  7:22  SCV  
  66  7:27  Widow Mine x2  
  66  7:29  SCV  
  71  7:52  Marine  
  71  7:53  Marine x2  
  71  7:56  Widow Mine x2  
  78  8:10  Marine  
  78  8:11  Marine x2  
  81  8:24  Widow Mine x2  
  85  8:42  Marine x2  
  85  8:43  Marine  
  84  8:53  Widow Mine  
  85  8:57  Widow Mine  
  85  9:00  Marine x2  
  85  9:01  Marine  
  74  9:18  Marine  
  74  9:19  Marine x2  
  74  9:22  Orbital Command  
  77  9:36  Marine x2  
  69  9:37  Marine  
  60  9:54  Marine x2  
  60  9:55  Marine  
  63  10:12  Marine x3  
  66  10:30  Marine  
  47  11:23  Missile Turret x2  
  47  11:29  Missile Turret x2  
  47  11:33  Missile Turret x2  
  47  11:35  Missile Turret  
  47  11:37  Missile Turret  
  47  11:38  Missile Turret  
  47  11:39  Missile Turret  
  47  11:41  Missile Turret  
Show
View Real Time Build Order
Export as new Build Order

Metasapien Zerg - Winner!

Build Orders: Pool First 

Get SALT Encoding   

  12  0:01  Drone  
  13  0:13  Overlord  
  13  0:18  Drone  
  14  0:32  Drone x2  
  16  0:43  Drone  
  17  0:52  Spawning Pool  
  17  0:54  Drone  
  17  0:58  Drone  
  18  1:18  Hatchery, Extractor  
  17  1:23  Drone x2  
  18  1:39  Zergling x2  
  19  1:42  Queen, Zergling x2  
  22  1:53  Overlord  
  22  2:13  Drone  
  22  2:14  Drone  
  24  2:25  Overlord  
  24  2:30  Drone  
  24  2:32  Queen  
  27  2:37  Metabolic Boost  
  27  2:39  Extractor  
  26  2:54  Drone x2  
  28  3:01  Hatchery  
  25  3:06  Drone  
  25  3:07  Drone x3  
  29  3:19  Drone x3  
  32  3:23  Drone  
  33  3:34  Roach Warren  
  33  3:41  Drone x3  
  34  3:42  Drone x2  
  34  3:44  Drone x2  
  39  3:55  Spine Crawler, Zergling x4  
  40  3:57  Zergling x2  
  40  4:02  Zergling x2  
  42  4:05  Zergling x2  
  43  4:14  Overlord  
  43  4:15  Extractor  
  42  4:18  Drone  
  42  4:19  Queen  
  45  4:28  Lair  
  45  4:40  Drone x2  
  45  4:41  Drone x2  
  45  4:42  Drone x2  
  45  4:43  Evolution Chamber, Drone  
  51  4:47  Evolution Chamber, Drone  
  51  4:51  Drone x2  
  53  4:58  Drone  
  54  5:00  Drone x2  
  54  5:01  Drone  
  54  5:06  Extractor  
  56  5:17  Drone  
  56  5:18  Drone  
  56  5:19  Overlord x2  
  58  5:24  Overlord  
  58  5:34  Overlord  
  58  5:38  Drone x2  
  58  5:39  Drone  
  61  5:43  Hydralisk Den  
  61  5:46  Spire  
  61  5:47  Drone x3  
  62  5:50  Spore Crawler  
  62  5:51  Spore Crawler  
  62  5:52  Drone x2  
  62  5:54  Roach  
  64  5:57  Drone x2  
  64  6:06  Roach  
  64  6:07  Roach x4  
  67  6:25  Roach x3, Hydralisk  
  73  6:26  Hydralisk x2, Roach  
  79  6:35  Ravager x3  
  79  6:39  Zergling x10  
  87  6:40  Zergling x6  
  83  7:12  Overlord x2  
  83  7:15  Hatchery  
  82  7:25  Hydralisk  
  82  7:26  Overlord x3  
  82  7:27  Overlord x2  
  84  7:32  Queen  
  84  7:33  Pneumatized Carapace  
  84  7:36  Glial Reconstitution, Muscular Augments  
  85  7:40  Hydralisk x2  
  68  8:15  Hydralisk x2  
  68  8:16  Overlord x2  
  68  8:17  Overlord, Hydralisk x3  
  68  8:18  Roach x2  
  82  8:20  Hatchery  
  82  8:21  Overseer  
  82  8:22  Overseer  
  82  8:24  Extractor, Drone  
  81  8:30  Drone x2  
  81  8:38  Queen, Drone  
  84  8:52  Spine Crawler  
  84  8:53  Drone  
  84  8:54  Spore Crawler, Drone  
  84  8:55  Drone x4  
  88  9:06  Drone  
  89  9:17  Evolution Chamber  
  89  9:18  Drone x2  
  89  9:21  Evolution Chamber  
  89  9:23  Extractor  
  88  9:26  Extractor  
  88  9:27  Drone x5  
  88  9:28  Drone  
  93  9:41  Corruptor x4  
  93  9:42  Corruptor x2  
  105  9:46  Hydralisk x2  
  105  9:51  Ravager x3  
  112  9:59  Drone  
  113  10:00  Drone x2  
  113  10:02  Drone x2  
  113  10:03  Drone  
  118  10:08  Zerg Missile Weapons Level 1, Zerg Ground Armor Level 1  
  118  10:10  Queen  
  118  10:13  Drone  
  118  10:14  Drone  
  122  10:18  Extractor, Hydralisk x2  
  122  10:19  Mutalisk, Corruptor x3  
  122  10:20  Hydralisk  
  122  10:21  Hydralisk, Roach x2  
  137  10:22  Roach  
  143  10:36  Hatchery  
  142  10:50  Hydralisk x2  
  142  10:51  Overlord x2, Corruptor x3  
  142  10:52  Overlord x3  
  152  11:14  Infestation Pit  
  152  11:16  Spire  
  150  11:22  Drone x2  
  152  11:26  Hydralisk x3  
  152  11:27  Hydralisk  
  152  11:28  Hydralisk, Roach x3  
  152  11:29  Roach x2  
  172  11:33  Tunneling Claws  
  172  11:35  Burrow  
  172  11:46  Hydralisk x8  
  171  12:18  Drone x3  
  170  12:33  Corruptor  
  170  12:34  Hydralisk x3, Corruptor  
  170  12:35  Hydralisk x5, Roach x2  
  170  12:36  Roach x3  
  111  13:12  Hydralisk  
  110  13:13  Hydralisk x3  
  110  13:14  Hydralisk x2, Roach x3  
  127  13:26  Roach x3  
  131  13:43  Hydralisk x5  
  131  13:48  Hatchery  
  140  13:57  Roach x2  
  140  13:58  Roach x9  
  140  14:00  Queen x3  
  168  14:05  Zerg Missile Weapons Level 2  
  168  14:06  Zerg Ground Armor Level 2  
  168  14:27  Corruptor x2  
  168  14:28  Hydralisk x4  
  168  14:29  Roach x3  
  168  14:30  Ravager x2  
  168  14:31  Ravager x5  
  191  14:32  Ravager  
  194  14:59  Hive  
  194  15:18  Drone x2  
  196  15:27  Hatchery  
  195  15:32  Hydralisk x2  
  189  16:05  Corruptor  
  189  16:06  Corruptor x4  
  199  16:16  Overlord x2  
  199  16:17  Overlord  
  143  16:35  Hydralisk x5  
  143  16:36  Hydralisk x4  
  150  16:50  Drone  
  150  16:51  Drone x5  
  154  17:24  Greater Spire  
  154  17:25  Corruptor x3  
  154  17:26  Hydralisk x2, Corruptor, Nydus Network  
  154  17:27  Hydralisk x4  
  154  17:28  Roach x4  
  144  17:41  Hydralisk  
  144  17:42  Hydralisk x4  
  139  18:17  Hatchery  
  138  18:25  Hydralisk x4  
  138  18:26  Hydralisk x4  
  120  18:51  Hatchery  
Show
View Real Time Build Order
Export as new Build Order

TeimouS Terran 

Build Orders: MMM Bio 

Get SALT Encoding   

  12  0:09  Refinery  
  12  0:22  Supply Depot  
  12  0:23  SCV  
  13  0:35  SCV  
  14  0:49  SCV  
  15  0:52  Barracks  
  15  1:01  SCV  
  16  1:17  SCV  
  17  1:19  Supply Depot  
  17  1:30  SCV  
  18  1:42  SCV  
  18  1:46  Barracks Tech Lab  
  19  1:52  Factory  
  19  2:03  Orbital Command, Supply Depot  
  19  2:06  Marine  
  20  2:35  SCV  
  21  2:52  Barracks Reactor  
  21  2:54  Barracks  
  21  2:56  Siege Tank  
  24  3:01  SCV  
  25  3:10  Command Center  
  25  3:18  SCV  
  26  3:24  Supply Depot  
  26  3:25  Refinery  
  26  3:30  Marine x2, SCV  
  29  3:36  Siege Tank  
  32  3:45  SCV  
  32  3:47  Barracks Tech Lab  
  33  3:51  Marine x2  
  35  4:06  Marine  
  35  4:07  Engineering Bay  
  35  4:09  Marine  
  37  4:16  SCV  
  38  4:17  Supply Depot  
  38  4:21  Combat Shields  
  38  4:24  Marauder  
  38  4:29  Orbital Command  
  40  4:38  Supply Depot  
  40  4:39  SCV  
  41  4:45  Missile Turret  
  41  4:54  Marine x2, SCV  
  44  5:01  SCV  
  44  5:06  Missile Turret  
  45  5:14  Missile Turret  
  45  5:15  SCV x2  
  47  5:22  Marine x2  
  47  5:23  Marauder  
  51  5:30  Siege Tank  
  54  5:40  Stimpack  
  54  5:41  Marine x2, SCV, Supply Depot  
  57  5:52  Marine  
  58  5:59  Marine  
  59  6:09  Marine  
  59  6:10  Marauder  
  61  6:17  Marine  
  59  6:26  Marine  
  59  6:27  Siege Tank  
  59  6:32  Marauder  
  65  6:35  Marine, SCV x2  
  68  6:42  Refinery  
  68  6:44  Marine  
  68  6:47  SCV x2  
  68  6:52  Starport  
  68  6:53  Marine, Marauder  
  55  7:10  Marine x2  
  55  7:11  SCV x2  
  55  7:15  Marauder  
  59  7:20  Missile Turret  
  54  7:25  Missile Turret  
  54  7:31  Starport Reactor  
  54  7:34  Marine x2  
  55  7:39  SCV x2  
  55  7:41  Starport  
  57  7:48  Marine, Missile Turret  
  57  7:49  Command Center, Widow Mine  
  57  7:51  SCV x2  
  62  7:52  Marine x2  
  62  7:56  Liberator  
  64  8:06  Marauder  
  64  8:10  Marine x2  
  67  8:14  Medivac  
  67  8:16  SCV x2  
  74  8:20  Starport Reactor  
  74  8:27  Marine x2  
  74  8:28  Marine, SCV  
  74  8:29  Missile Turret  
  74  8:31  Widow Mine  
  74  8:34  Concussive Shells  
  80  8:45  Marine x2, Marauder  
  80  8:48  Liberator x2  
  81  9:03  Marine x2  
  81  9:06  Marauder  
  91  9:10  Supply Depot  
  91  9:11  Supply Depot  
  91  9:13  Supply Depot  
  91  9:15  Liberator, Supply Depot x2  
  91  9:17  Supply Depot  
  91  9:21  Refinery  
  91  9:22  SCV  
  92  9:27  Marine x2  
  92  9:28  Marauder  
  92  9:29  Siege Tank  
  92  9:31  SCV  
  100  9:34  SCV  
  104  9:45  Marine  
  104  9:48  SCV x2  
  104  9:49  Marauder  
  109  10:00  SCV  
  110  10:08  SCV, Supply Depot  
  110  10:09  Planetary Fortress, Supply Depot  
  110  10:11  Supply Depot  
  110  10:12  Marine x2  
  110  10:13  Marine  
  114  10:14  Siege Tank  
  114  10:19  Liberator x2  
  117  10:31  Supply Depot x2, Marauder  
  117  10:34  Marine  
  117  10:35  Marine  
  127  10:52  Marauder  
  123  11:03  Marine x2  
  125  11:04  Siege Tank  
  125  11:06  SCV x3  
  131  11:14  Marauder  
  131  11:15  Refinery  
  131  11:18  SCV  
  134  11:19  Missile Turret  
  134  11:41  Marine x2  
  134  11:42  Missile Turret, Marauder  
  134  11:43  Medivac x2  
  142  11:52  Factory  
  142  11:55  Refinery  
  142  11:57  Barracks  
  142  11:59  Marine  
  143  12:03  Marauder  
  143  12:04  Missile Turret  
  143  12:07  Marine  
  146  12:09  Siege Tank  
  149  12:17  Marine  
  149  12:18  Medivac x2  
  154  12:24  Marine  
  155  12:30  Marine  
  155  12:34  Marine  
  157  12:38  Barracks  
  157  12:42  Marauder  
  157  12:48  Marine  
  157  12:49  Command Center  
  144  12:52  Marine  
  129  13:03  Marine  
  115  13:06  Marine  
  115  13:10  Marine  
  77  13:22  Viking x4, Marauder  
  77  13:24  Marine  
  79  13:28  Marine  
  72  13:42  Marine x2  
  72  13:43  Widow Mine  
  72  13:46  Marine, Barracks Reactor  
  72  13:47  Barracks Reactor  
  77  13:50  Factory Tech Lab  
  77  13:52  Viking  
  79  13:56  Viking x3  
  79  13:59  Marine  
  79  14:00  Marine  
  87  14:04  Marine, Missile Turret  
  88  14:17  Marine  
  88  14:18  Marine  
  88  14:19  Engineering Bay  
  88  14:21  Marine, Supply Depot  
  88  14:22  Viking  
  88  14:23  Supply Depot  
  88  14:24  Armory  
  92  14:32  Viking x2  
  92  14:33  Viking  
  92  14:35  Marine x5  
  92  14:36  Marine  
  104  14:38  Widow Mine  
  104  14:39  Marine, Widow Mine  
  109  14:52  Viking  
  111  14:53  Marine x3  
  111  14:58  Marine x3  
  111  14:59  Marine  
  118  15:07  Siege Tank  
  118  15:08  Siege Tank  
  118  15:10  Marine  
  118  15:11  Marine x2  
  127  15:15  Viking x2  
  127  15:16  Marine x4  
  127  15:19  Terran Infantry Armor Level 1, Terran Infantry Weapons Level 1  
  135  15:22  Terran Ship Weapons Level 1  
  135  15:28  Marine  
  135  15:30  Armory  
  133  15:38  Marine x2  
  133  15:39  Marine x4  
  132  15:46  Marine  
  128  15:56  Marine x3  
  128  15:57  Marine x3  
  131  16:04  Marine  
  130  16:11  Widow Mine  
  130  16:12  Command Center  
  130  16:14  Marine x4  
  124  16:19  Marine x2  
  124  16:22  Marine  
  127  16:32  Marine x4  
  128  16:37  Marine x2  
  130  17:10  Medivac x2  
  91  17:37  Marine x2  
  91  17:39  Marine x3  
  91  17:44  Marine x2  
  53  17:55  Marine  
Show
View Real Time Build Order
Export as new Build Order

Bielbito Terran 

Build Orders:  

Get SALT Encoding   

  12  1:02  SCV, Refinery  
  12  1:03  Refinery  
  13  1:12  Command Center  
  13  1:14  SCV  
  14  1:23  Supply Depot  
  14  1:26  SCV  
  15  1:44  SCV  
  16  1:47  Barracks  
  16  1:56  SCV  
  17  2:08  SCV  
  18  2:20  SCV  
  19  2:25  SCV  
  20  2:37  SCV  
  20  2:40  Factory  
  20  2:42  Marine  
  22  2:49  SCV  
  23  2:53  Orbital Command  
  23  3:01  Marine, SCV  
  25  3:13  SCV  
  25  3:14  Refinery  
  25  3:18  Marine  
  27  3:25  SCV  
  28  3:27  Starport  
  28  3:33  Factory Tech Lab  
  28  3:37  SCV  
  29  3:49  SCV  
  29  3:52  Barracks Tech Lab, Engineering Bay  
  29  3:54  Siege Tank  
  33  4:01  SCV  
  33  4:02  SCV  
  35  4:12  Supply Depot  
  35  4:13  SCV  
  36  4:17  Medivac  
  38  4:26  Supply Depot  
  38  4:31  Terran Infantry Weapons Level 1  
  38  4:33  SCV x2  
  40  4:39  Missile Turret  
  40  4:44  Marine  
  41  4:46  SCV  
  41  4:47  Combat Shields  
  41  4:49  Medivac  
  44  4:54  Supply Depot  
  44  5:02  Refinery  
  44  5:03  Missile Turret  
  44  5:04  Widow Mine  
  46  5:08  Marine  
  46  5:10  SCV  
  48  5:15  SCV  
  49  5:22  SCV  
  49  5:26  Marine  
  49  5:27  Medivac, SCV  
  54  5:33  Widow Mine  
  57  5:42  SCV  
  57  5:54  Armory  
  57  5:55  SCV  
  48  6:34  Marine  
  48  6:36  Siege Tank  
  52  6:52  Marine  
  53  7:03  SCV  
  54  7:08  Siege Tank  
  54  7:10  Marine  
  54  7:13  Missile Turret  
  58  7:16  SCV  
  59  7:26  Starport Reactor  
  59  7:28  Marine, Starport  
  60  7:30  Terran Vehicle And Ship Armor Level 1  
  60  7:38  Missile Turret  
  60  7:45  Marine  
  61  8:00  Supply Depot  
  61  8:02  Terran Infantry Armor Level 1, Siege Tank  
  61  8:03  Marine  
  65  8:21  Marine  
  61  8:34  Siege Tank  
  61  8:39  Marine  
  58  8:44  Viking  
  58  8:45  Viking x2  
  61  9:00  Marine  
  62  9:03  Stimpack  
  62  9:06  Widow Mine  
  64  9:11  Supply Depot  
  64  9:14  Viking x2, Supply Depot  
  68  9:18  Marine  
  68  9:23  Missile Turret  
  69  9:24  Orbital Command  
  69  9:28  Command Center  
  69  9:33  Command Center  
  69  9:35  Marine, Siege Tank  
  73  9:44  Viking x2  
  77  9:46  Missile Turret  
  77  9:53  Marine  
  78  10:02  Viking  
  78  10:06  Widow Mine  
  80  10:11  Marine  
  83  10:15  Liberator, Supply Depot  
  83  10:21  Supply Depot  
  83  10:29  Marine  
  85  10:36  Siege Tank  
  78  10:47  Marine  
  75  10:54  Viking x2  
  75  10:56  Terran Vehicle And Ship Armor Level 2  
  79  11:05  Marine  
  79  11:08  Siege Tank  
  79  11:09  SCV  
  84  11:15  Viking  
  86  11:21  SCV  
  87  11:27  Terran Infantry Weapons Level 2  
  87  11:40  Siege Tank  
  87  11:44  Medivac x2  
  52  12:39  Planetary Fortress  
  52  12:41  Refinery  
  52  12:47  Missile Turret  
  52  12:50  Starport Reactor  
  52  12:58  Marine, Refinery  
  53  13:00  Widow Mine  
  55  13:13  Terran Vehicle Weapons Level 1  
  55  13:15  Marine, Command Center  
  56  13:23  Refinery  
  56  13:28  Widow Mine  
  56  13:33  Marine  
  59  13:37  Viking  
  59  13:38  Viking x3  
  67  13:42  Terran Infantry Armor Level 2  
  67  13:51  Marine  
  68  13:57  Widow Mine  
  68  14:01  Armory  
  70  14:07  Viking, Planetary Fortress  
  70  14:08  Viking x3  
  70  14:09  Marine  
  79  14:14  SCV  
  80  14:25  Widow Mine, Refinery  
  80  14:26  SCV  
  80  14:27  Marine  
  80  14:28  Refinery  
  83  14:32  Missile Turret  
  83  14:37  Viking x2  
  83  14:38  Viking x2, SCV  
  92  14:44  Marine  
  93  14:50  SCV  
  94  14:54  Missile Turret, Widow Mine  
  95  15:02  SCV  
  96  15:07  Viking x2  
  96  15:08  Viking x2  
  98  15:22  Widow Mine  
  100  15:37  Viking x3  
  100  15:38  Viking  
  108  16:01  Terran Vehicle Weapons Level 2  
  108  16:05  Terran Ship Weapons Level 1  
  108  16:07  Viking x3  
  108  16:08  Supply Depot  
  96  16:50  Viking x2  
  96  16:51  Viking x2  
  102  17:20  Viking x2  
  102  17:21  Viking x2  
  110  17:23  Missile Turret  
  110  17:24  Missile Turret  
  110  17:30  Missile Turret  
  110  17:54  Missile Turret x2  
  110  17:59  Missile Turret  
  110  18:03  Viking x3  
  110  18:04  Viking  
  118  18:10  Siege Tank  
  118  18:11  Marine  
  120  18:14  Missile Turret  
  120  18:17  Missile Turret  
  120  18:24  Missile Turret  
  120  18:29  Marine  
  120  18:33  Viking x3  
  125  18:35  Viking  
  119  18:42  Siege Tank  
  119  18:46  Marine  
  119  18:48  Missile Turret  
  71  19:04  Marine  
Show
View Real Time Build Order
Export as new Build Order

PyrotheBeast Zerg 

Build Orders: Hatch First 

Get SALT Encoding   

  12  0:01  Drone  
  14  0:14  Drone  
  14  0:36  Hatchery  
  14  0:42  Drone  
  14  0:48  Overlord  
  14  0:53  Extractor  
  13  1:12  Drone  
  13  1:13  Drone x2  
  16  1:22  Spawning Pool  
  15  1:30  Drone  
  16  1:38  Drone  
  17  1:49  Drone  
  17  1:50  Drone  
  19  1:56  Drone  
  19  2:00  Drone  
  21  2:07  Overlord  
  21  2:14  Lair  
  21  2:20  Queen  
  23  2:25  Extractor  
  23  2:26  Drone  
  23  2:28  Drone  
  24  2:40  Drone  
  24  2:41  Roach Warren  
  24  2:48  Drone  
  26  2:51  Drone  
  24  2:59  Zergling x2  
  24  3:00  Zergling x4  
  27  3:16  Drone  
  28  3:20  Roach x2  
  28  3:22  Queen  
  28  3:26  Drone  
  35  3:36  Drone  
  35  3:38  Overlord  
  36  3:53  Overlord  
  36  3:59  Drone x3  
  36  4:00  Drone x3  
  43  4:02  Drone  
  43  4:08  Glial Reconstitution  
  43  4:20  Evolution Chamber  
  43  4:22  Overlord  
  43  4:23  Evolution Chamber  
  41  4:25  Drone x2  
  41  4:28  Drone  
  44  4:35  Roach  
  44  4:36  Roach  
  48  4:38  Roach  
  48  4:40  Overseer  
  50  4:47  Zerg Ground Armor Level 1  
  50  4:52  Zerg Missile Weapons Level 1  
  50  4:56  Roach  
  50  4:57  Overlord  
  52  5:00  Drone  
  52  5:03  Roach  
  52  5:05  Roach  
  57  5:23  Roach x5  
  60  5:44  Drone x5  
  60  5:49  Roach  
  67  5:50  Overlord x2  
  50  7:15  Zerg Missile Weapons Level 2, Zerg Ground Armor Level 2  
  38  7:16  Drone  
  38  7:17  Hydralisk Den, Drone x3  
  38  7:18  Drone x3  
  38  7:19  Drone x2  
  38  7:21  Extractor  
  45  7:23  Extractor  
  44  7:33  Spore Crawler  
  41  7:51  Spore Crawler  
  41  7:52  Drone x3  
  41  7:55  Hydralisk x4  
  41  7:57  Overlord  
  41  7:58  Overlord  
  51  8:00  Overlord x3  
  51  8:17  Hydralisk  
  51  8:18  Hydralisk x2  
  51  8:19  Hydralisk x2  
  57  8:25  Hydralisk x2  
  57  8:26  Hydralisk  
  67  8:33  Hydralisk x4  
  75  8:36  Muscular Augments  
  51  9:49  Hydralisk x6  
  51  9:50  Hydralisk x3  
  69  9:56  Hydralisk x6  
  69  9:57  Hydralisk  
  69  9:58  Zergling x2  
  69  9:59  Overlord x3  
  84  10:06  Overlord x3  
  84  10:20  Hatchery, Extractor  
  82  10:23  Extractor  
  81  10:47  Hatchery  
  81  10:48  Extractor  
  77  10:50  Extractor  
  76  10:57  Hydralisk x4  
  76  10:58  Hydralisk x2  
  76  11:00  Hydralisk x3  
  94  11:15  Infestation Pit, Hydralisk  
  94  11:17  Hydralisk  
  97  11:21  Hydralisk  
  99  11:26  Hydralisk  
  62  12:16  Hydralisk x4  
  62  12:17  Hydralisk x3  
  50  13:00  Hydralisk x2  
  50  13:01  Hydralisk x7  
  50  13:02  Hydralisk  
  70  13:08  Hydralisk  
  60  13:43  Drone x3  
  61  13:50  Queen  
  61  13:54  Drone x2  
  61  13:55  Drone x4  
  69  14:02  Overlord  
  69  14:06  Drone x2  
  69  14:07  Drone  
  72  14:31  Hydralisk x3  
  78  14:39  Hydralisk x2  
  78  14:40  Hydralisk x3  
  72  14:49  Hive  
  66  15:07  Hydralisk x3  
  66  15:08  Hydralisk  
  66  15:14  Hydralisk x2  
  74  15:15  Hydralisk  
  52  16:27  Hydralisk  
  52  16:28  Hydralisk x6  
  52  16:29  Hydralisk x3  
  52  16:30  Hydralisk x4  
  52  16:31  Hydralisk x5  
  88  16:37  Hydralisk x3  
  88  16:39  Hydralisk  
  96  16:43  Hydralisk  
  98  16:47  Hydralisk  
  98  16:50  Hydralisk  
  102  16:54  Hydralisk  
Tags
 
Add a new tag
Caveats
  • Supply blocks, unpowered buildings, or Contaminate may cause inaccurate times.
  • Supply counts are checked every 10 seconds.